 Dungeon Crawl Stone Soup version 0.31-a0-150-g89dc3ad700 (webtiles) character file.

Game seed: 6524540852825671971

129 qw the Shooter (level 4, -5/39 HPs)
             Began as a Minotaur Hunter on June 8, 2023.
             Slain by Robin
             ... wielding a +0 trident
              (6 damage)
             ... on level 4 of the Dungeon.
             The game lasted 00:00:41 (2252 turns).

qw the Shooter (Minotaur Hunter)                    Turns: 2252, Time: 00:00:41

Health: -5/39      AC:  5    Str: 15    XL:     4   Next: 88%
Magic:  3/3        EV: 11    Int:  6    God:
Gold:   191        SH:  0    Dex: 16    Spells: 3/3 levels left

rFire   . . .        Y - +0 shortbow (freeze)
rCold   . . .        (shield currently unavailable)
rNeg    . . .        f - +0 ring mail
rPois   .            (helmet restricted)
rElec   .            (no cloak)
rCorr   .            (no gloves)
SInv    .            (no boots)
Will    .....        (no amulet)
Stlth   +            b - +4 ring of slaying {mikee}
HPRegen 0.26/turn    (no ring)
MPRegen 0.08/turn

%: no passive effects
@: no status effects
A: horns 2, retaliatory headbutt
a: no special abilities


You were on level 4 of the Dungeon.
You visited 1 branch of the dungeon, and saw 4 of its levels.

You collected 191 gold pieces.


Innate Abilities, Weirdness & Mutations

You have a pair of horns on your head.
You reflexively headbutt those who attack you in melee.


   Skills:
 + Level 3.6 Fighting
 - Level 6.3 Ranged Weapons
 - Level 1.0 Armour
 - Level 2.1 Dodging
 - Level 0.7 Stealth


You had 3 spell levels left.
You didn't know any spells.
Your spell library was empty.

Inventory:

Hand Weapons
 Y - a +0 shortbow of freezing (weapon)
Armour
 f - a +0 ring mail (worn)
Jewellery
 b - a +4 ring of slaying (left hand) {mikee}
Scrolls
 c - a scroll of fog {unknown}
 h - 3 scrolls of identify
Potions
 a - a potion of mutation
 e - a potion of might

Dungeon Overview and Level Annotations

Branches:
Dungeon (4/15)
 Temple: D:4-7

Altars:

Shops:
D:3 (

Annotations:
D:2 1 runed translucent door, Crazy Yiuf
D:4 1 transporter, Robin; qw's ghost, novice GrFi


Message History

Robin hits you from afar with a +0 trident!
You shoot an arrow. The arrow hits the worm.
The arrow freezes the worm.
The worm is heavily wounded.
The goblin hits you with a +0 dagger. Robin barely misses you.
The worm bites you!
You shoot an arrow. The arrow barely misses the worm.
The arrow hits the goblin.
The arrow freezes the goblin.
You kill the goblin!
The goblin hits you with a +0 dagger.
Robin hits you from afar with a +0 trident.
You shoot an arrow. The arrow hits the worm!
The arrow freezes the worm.
You kill the worm!
The goblin no longer looks unusually strong.
The goblin hits you with a +0 dagger. Robin throws the goblin at you!
The goblin barely misses you.
You shoot an arrow. The arrow barely misses the goblin.
The goblin misses you. You furiously retaliate!
You headbutt the goblin.
You kill the goblin!
Robin throws the goblin at you! The goblin misses you. You furiously retaliate!
You headbutt the goblin.
You kill the goblin!
The goblin barely misses you.
The goblin hits you but does no damage. x2
The goblin hits you with a +0 club. Robin throws the goblin at you!
You shoot an arrow. The arrow completely misses the goblin.
The goblin hits you with a +0 club. The goblin hits you but does no damage.
Robin hits you from afar with a +0 trident.
You shoot an arrow. The arrow hits the goblin!
The arrow freezes the goblin.
You kill the goblin!
The goblin hits you with a +0 club. Robin barely misses you.
You shoot an arrow. The arrow hits the goblin!
The arrow freezes the goblin.
You kill the goblin!
Robin hits you but does no damage.
You shoot an arrow. The arrow hits Robin.
The arrow freezes Robin.
Robin is heavily wounded.
Robin hits you from afar with a +0 trident.
You shoot an arrow. The arrow hits Robin.
The arrow freezes Robin.
Robin is heavily wounded.
Robin points. "Kill!"
Robin hits you from afar with a +0 trident.
You die...

##.###. )... ..# .
#.#..7 ......# #.#
#.#..7 )..#.# .#.#.
#....7 ..#.##....
#...7 .g..#..#..
#...7 gg^#(=.^#
#...77 #))#[#.W
.##.....
#@##.#...#.#^..###
#)# . .##..##.##
#.#.#...#..5#.#
#.##55#....##.#
#..# .....##..#
#######.##
#####..##
.........###.....##
########.....#####
#.#####


You could see Robin and 2 hobgoblins.

Vanquished Creatures
  A jelly (D:4)
  2 adders (D:3)
  2 worms
  2 dart slugs
  5 orcs (D:3)
  6 ball pythons
  3 bats
  6 endoplasms
  4 giant cockroaches (D:1)
  13 goblins
  5 hobgoblins
  A quokka (D:1)
  3 frilled lizards
  4 kobolds
  2 rats
59 creatures vanquished.

Notes
Turn   | Place    | Note
-------+----------+-------------------------------------------
     0 | D:1      | qw the Minotaur Hunter began the quest for the Orb.
     0 | D:1      | Reached XP level 1. HP: 18/18 MP: 0/0
     0 | D:1      | 0 ||| qw: Version: 0.2-a-120-gdf1a93b
     0 | D:1      | 0 ||| qw: Game counter: 2977
     0 | D:1      | 0 ||| qw: Always use a shield: true
     0 | D:1      | 0 ||| qw: God list: Okawaru
     0 | D:1      | 0 ||| qw: Allow faded altars: false
     0 | D:1      | 0 ||| qw: Do Orc after D:15 true
     0 | D:1      | 0 ||| qw: Do second Lair branch before Depths: true
     0 | D:1      | 0 ||| qw: Lair rune preference: random
     0 | D:1      | 0 ||| qw: Plans: Normal
     0 | D:1      | 0 ||| PLANNING D:1-11
   175 | D:1      | Reached XP level 2. HP: 25/25 MP: 1/1
   214 | D:1      | Reached skill level 5 in Ranged Weapons
   411 | D:1      | Reached skill level 3 in Fighting
   772 | D:1      | 772 ||| UPGRADING to +0 ring mail.
   782 | D:1      | 782 ||| DROPPING +0 leather armour.
   783 | D:1      | 783 ||| READING scroll labelled YCHEMI HINT.
   784 | D:1      | 784 ||| READING 2 scrolls labelled HUYZEI BUCINIF.
   785 | D:1      | 785 ||| DRINKING 2 brown potions.
   812 | D:1      | 812 ||| DROPPING scroll of butterflies.
   813 | D:1      | 813 ||| DROPPING potion of lignification.
   943 | D:2      | Reached XP level 3. HP: 31/31 MP: 2/2
   969 | D:2      | Reached skill level 1 in Armour
  1248 | D:2      | Found a runed translucent door.
  1249 | D:2      | Noticed Crazy Yiuf
  1252 | D:2      | 1252 ||| READING scroll labelled IBREZO HOKH.
  1253 | D:2      | 1253 ||| READING scroll labelled LERIAXK ZI OTO.
  1254 | D:2      | 1254 ||| READING 3 scrolls of identify.
  1254 | D:2      | 1254 ||| IDENTIFYING puce potion
  1255 | D:2      | 1255 ||| READING 2 scrolls of identify.
  1255 | D:2      | 1255 ||| IDENTIFYING golden potion
  1640 | D:3      | Found Faraen's Antique Weapon Shop.
  1866 | D:3      | Reached XP level 4. HP: 38/38 MP: 3/3
  2064 | D:3      | 2064 ||| UPGRADING to +4 ring of slaying {mikee}.
  2065 | D:3      | 2065 ||| DROPPING ring of magical power.
  2066 | D:3      | 2066 ||| READING scroll labelled HOESUO ZUILL.
  2067 | D:3      | 2067 ||| READING scroll labelled VOUZ JUUMIS.
  2126 | D:4      | Reached skill level 6 in Ranged Weapons
  2207 | D:4      | Noticed qw's ghost (novice GrFi)
  2228 | D:4      | Found a transporter.
  2234 | D:4      | Noticed Robin
  2248 | D:4      | HP: 7/38 [goblin/+0 club[Robin] (3)]
  2249 | D:4      | HP: 2/38 [goblin/+0 club[Robin] (2)]
  2252 | D:4      | Slain by Robin

Levels and vault maps discovered:
D:1:      minmay_arrival_up_and_down, layout_basic
D:2:      layout_rooms, uniq_crazy_yiuf_cottage
D:3:      layout_loops_corners, serial_shops, shop
D:4:      layout_basic, minmay_temple_entry_statues, gammafunk_ghost_stat_death,
          nrook_campfire, uniq_ijyb, uniq_robin

Skill      XL: |  1  2  3  4 |
---------------+-------------+-----
Ranged Weapons | 5 6 |  6.3
Fighting       | 3 |  3.6
Armour         | 1 |  1.0
Dodging        | |  2.1
Stealth        | |  0.7

Action                     |  1- 3 |  4- 6 || total
---------------------------+-------+-------++-------
   Fire: Shortbow          |    95 |    39 ||   134
    Use: Scroll            |     6 |     2 ||     8
         Potion            |     1 |       ||     1
 Armour: Leather armour    |     3 |       ||     3
         Ring mail         |     4 |     5 ||     9
  Dodge: Dodged            |    15 |    19 ||    34

Table legend:
 A = Non-vault XP
 B = Vault XP
 C = Vault XP percentage of total XP
 D = Non-vault monster count
 E = Vault monster count
 F = Vault count percentage of total count
                 A         B        C        D         E       F
            +---------+---------+-------+---------+---------+-------
      Total |     168 |      17 |   9.2 |      49 |      10 |  16.9
            +---------+---------+-------+---------+---------+-------
        D:1 |      37 |       0 |   0.0 |      19 |       0 |   0.0
        D:2 |      23 |       0 |   0.0 |      12 |       0 |   0.0
        D:3 |      53 |       0 |   0.0 |      13 |       0 |   0.0
        D:4 |      55 |      17 |  23.6 |       5 |      10 |  66.7
            +---------+---------+-------+---------+---------+-------
